 Dungeon Crawl Stone Soup version 0.29-a0-384-g6960b1960d (webtiles) character file.

Game seed: 17110504114465928940

202 zeratav the Skirmisher (level 5, -1/52 HPs)
             Began as a Hill Orc Fighter on May 6, 2022.
             Killed from afar by an orc wizard (4 damage)
             ... with a magic dart
             ... on level 3 of the Dungeon.
             The game lasted 00:03:31 (2826 turns).

zeratav the Skirmisher (Hill Orc Fighter)           Turns: 2826, Time: 00:03:32

Health: -1/52      AC:  8    Str: 21    XL:     5   Next: 80%
Magic:  5/5        EV:  9    Int:  8    God:
Gold:   126        SH:  0    Dex: 10    Spells: 4/4 levels left

rFire   . . .      SeeInvis .   a - +0 war axe {axe}
rCold   . . .      Faith    .   c - +0 buckler
rNeg    . . .      Spirit   .   b - +0 scale mail
rPois   .          Reflect  .   (no helmet)
rElec   .          Harm     .   p - +0 cloak
rCorr   .          Rampage  .   (no gloves)
Will    .....                   (no boots)
Stlth   ..........              (no amulet)
HPRegen 0.17/turn               (no ring)
MPRegen 0.09/turn               (no ring)

@: confused, lethally poisoned (-1 -> -6)
A: no striking features
a: no special abilities


You were on level 3 of the Dungeon.
You visited 1 branch of the dungeon, and saw 3 of its levels.

You collected 126 gold pieces.


   Skills:
 + Level 7.6 Fighting
 - Level 2.6 Axes
 - Level 3.2 Armour
 - Level 3.2 Shields


You had 4 spell levels left.
You didn't know any spells.
Your spell library contained the following spells:

 Spells                   Type           Power      Damage    Failure   Level
 Apportation              Tloc           0%         N/A       83%         1
 Ensorcelled Hibernation  Hex/Ice        0%         N/A       93%         2
 Passwall                 Tmut/Erth      0%         N/A       93%         2
 Swiftness                Air            0%         N/A       99%         3
 Olgreb's Toxic Radiance  Pois           0%         N/A       100%        4
 Alistair's Intoxication  Tmut/Pois      0%         N/A       100%        5
 Ozocubu's Refrigeration  Ice            0%         4d5       100%        7
 Ignition                 Fire           0%         3d3       100%        8

Inventory:

Hand Weapons
 a - a +0 war axe (weapon) {axe}
Armour
 b - a +0 scale mail (worn)
 c - a +0 buckler (worn)
 n - a +0 robe
   (You found it on level 3 of the Dungeon)
 p - a +0 cloak (worn)
   (You found it on level 2 of the Dungeon)
 s - a +0 robe
   (You took it off an orc wizard on level 3 of the Dungeon)
 u - a +0 ring mail
   (You took it off an orc priest on level 3 of the Dungeon)
 v - a +0 chain mail
   (You took it off an orc on level 3 of the Dungeon)
 w - a +0 pair of gloves
   (You found it on level 3 of the Dungeon)
 x - a +0 leather armour
   (You found it on level 3 of the Dungeon)
Scrolls
 e - 2 scrolls of teleportation {unknown}
 g - 3 scrolls of enchant weapon {unknown}
 h - a scroll of acquirement {unknown}
 i - 2 scrolls of identify {unknown}
 k - 2 scrolls of magic mapping {unknown}
 m - a scroll of amnesia {unknown}
 r - 2 scrolls of blinking {unknown}
 y - a scroll of enchant armour {unknown}
Potions
 d - 3 potions of might
 j - a potion of degeneration {unknown}
 l - a potion of flight {unknown}
 o - a potion of heal wounds {unknown}
 q - a potion of brilliance {unknown}
 t - a potion of haste {unknown}

Dungeon Overview and Level Annotations

Branches:
Dungeon (3/15)

Altars:
Zin

Annotations:
D:3 1 runed translucent door, Art3mis's ghost, amateur DjBe

############ ##
#..........# .#
######....#.#...# ..
..........#.##..# .#
##.###....#.....# .#
##.# #...#####.## .#
...# #...#####.###)#
##.# #..........@{o#
##.###...###...#####
#...##...# #.#.#
.....#.))###.#.#
........)....#.#
...<.#.####..#.#
#......####..#.#
.#.............#
.#.########..###########


You could see an orc.


Message History

You are too injured to fight recklessly!
You are too injured to fight recklessly!
You are too injured to fight recklessly!
You are too injured to fight recklessly!
You are too injured to fight recklessly!
You are too injured to fight recklessly!
You are too injured to fight recklessly!
You are too injured to fight recklessly!
You are too injured to fight recklessly!
You are too injured to fight recklessly!
You are too injured to fight recklessly!
You are too injured to fight recklessly!
You are too injured to fight recklessly!
You are too injured to fight recklessly!
You are too injured to fight recklessly!
You are too injured to fight recklessly!
You closely miss the orc. The orc barely misses you.
HP[+1]
You hit the orc but do no damage.
You hit the orc priest but do no damage.
The orc priest completely misses you. The orc hits you but does no damage.
You hit the orc.
The orc priest threatens, "By the altar or by the axe, you will meet Beogh!"
You slash the orc priest!
The orc priest hits you but does no damage.
The orc hits you but does no damage. The orc barely misses you.
The orc priest calls upon Beogh to heal the orc.
The orc's wounds heal themselves!
You hit the orc but do no damage.
You hit the orc priest but do no damage.
The orc priest hits you with a +0 short sword.
The orc hits you but does no damage.
HP[-4]
You take 4 damage, and now have 28/52 hp.
You hit the orc priest but do no damage.
The orc priest threatens, "By the altar or by the axe, you will meet Beogh!"
You barely miss the orc.
The orc priest invokes the aid of Beogh against you.
Beogh smites you!
* * * LOW HITPOINT WARNING * * *
The orc hits you but does no damage. You block the orc's attack.
You block the orc priest's attack.
HP[-11]
You take 11 damage, and now have 17/52 hp.
MASSIVE DAMAGE!! (PAUSE)
You closely miss the orc priest.
The orc priest shouts, "Join the one true god or die!"
You hit the orc.
The orc priest hits you with a +0 short sword.
* * * LOW HITPOINT WARNING * * *
The orc barely misses you.
HP[-6]
You take 6 damage, and now have 11/52 hp.
You closely miss the orc priest. You hit the orc.
The orc priest hits you with a +0 short sword.
* * * LOW HITPOINT WARNING * * *
The orc barely misses you. The orc closely misses you.
The orc priest shouts, "Beogh is our master!
Accept the truth or die!"
The orc priest hits you but does no damage.
HP[-1]
You take 1 damage, and now have 10/52 hp.
You hit the orc priest but do no damage.
You barely miss the orc.
The orc priest calls upon Beogh to heal the orc.
The orc's wounds heal themselves!
The orc hits you with a +0 hand axe.
* * * LOW HITPOINT WARNING * * *
HP[-1]
You take 1 damage, and now have 9/52 hp.
You slash the orc priest!
You kill the orc priest!
You hit the orc. The orc hits you with a +0 hand axe.
* * * LOW HITPOINT WARNING * * *
HP[-3]
You take 3 damage, and now have 6/52 hp.
You slash the orc!
You kill the orc!
You miss something. Something hits you but does no damage. Something hits you.
* * * LOW HITPOINT WARNING * * *
HP[-1]
You take 1 damage, and now have 5/52 hp.
You barely miss something. You slash something!
You hit the orc but do no damage. Something hits you but does no damage.
The orc hits you but does no damage. Something hits you but does no damage.
The orc barely misses you.
You closely miss something. You hit the orc.
You hear some strange, mumbled words.
You are confused.
The orc hits you but does no damage.
You are lethally poisoned!
* * * LOW HITPOINT WARNING * * *
You feel sick.
HP[-1]
You take 1 damage, and now have 4/52 hp.
It was a potion of magic.
Magic courses through your body.
* * * LOW HITPOINT WARNING * * *
You feel sick.
You hear some strange, mumbled words.
A magic dart appears from out of thin air!
The magic dart hits you.
You die...

Skill      XL: |  1  2  3  4 |
---------------+-------------+-----
Fighting       | 4 5 7 |  7.6
Axes           | |  2.6
Armour         | |  3.2
Shields        | |  3.2

Action                   |  1- 3 |  4- 6 || total
-------------------------+-------+-------++-------
Melee: War axe           |    64 |    87 ||   151
  Use: Potion            |       |     1 ||     1
Armor: Scale mail        |    35 |    50 ||    85
Dodge: Dodged            |    37 |    36 ||    73
Block: Buckler           |    12 |    17 ||    29

Levels and vault maps discovered:
D:1:      dpeg_arrival_tiny_k, layout_rooms
D:2:      layout_basic, basic_altar, uniq_crazy_yiuf_cottage
D:3:      layout_loops_ring, hellmonk_ghost_happy_afterlife, chequers_avenue

Notes
Turn   | Place    | Note
-------+----------+-------------------------------------------
     0 | D:1      | zeratav the Hill Orc Fighter began the quest for the Orb.
     0 | D:1      | Reached XP level 1. HP: 19/19 MP: 1/1
     0 | D:1      | magus.rc [v1.9.6]
    33 | D:1      | Reached skill level 4 in Fighting
   140 | D:1      | You pick up a book of Party Tricks and begin reading...
   140 | D:1      | You add the spells Apportation and Alistair's Intoxication
                  | to your library.
   187 | D:1      | Reached XP level 2. HP: 27/27 MP: 2/2
   189 | D:1      | You pick up a book of Burglary and begin reading...
   189 | D:1      | You add the spells Passwall, Ensorcelled Hibernation and
                  | Swiftness to your library.
   274 | D:1      | You add the spells Olgreb's Toxic Radiance, Ozocubu's
                  | Refrigeration and Ignition to your library.
   762 | D:2      | Found a glowing silver altar of Zin.
   976 | D:2      | Reached skill level 5 in Fighting
   976 | D:2      | Reached XP level 3. HP: 36/36 MP: 3/3
  1655 | D:3      | Reached XP level 4. HP: 21/44 MP: 4/4
  1661 | D:3      | HP: 11/44 [something/puff of flame (5)]
  1670 | D:3      | HP: 6/44 [something/magic dart (3)]
  1675 | D:3      | HP: 2/44 [something (1)]
  1678 | D:3      | Reached skill level 6 in Fighting
  2063 | D:3      | Found a runed translucent door.
  2063 | D:3      | Noticed Art3mis's ghost (amateur DjBe)
  2081 | D:3      | Reached skill level 7 in Fighting
  2081 | D:3      | Reached XP level 5. HP: 29/52 MP: 5/5
  2817 | D:3      | HP: 11/52 [orc priest/+0 short sword (6)]
  2821 | D:3      | HP: 5/52 [something (1)]
  2826 | D:3      | HP: 3/52 [poisoned by an orc]
  2826 | D:3      | Killed from afar by an orc wizard

Vanquished Creatures
  3 orc priests (D:3)
  An orc wizard (D:3)
  An adder (D:3)
  2 worms
  A dart slug (D:3)
  15 orcs (D:3)
  An endoplasm (D:3)
  2 giant cockroaches (D:3)
  7 goblins
  4 hobgoblins
  2 quokkas (D:1)
  9 ball pythons
  3 bats
  2 frilled lizards
  4 kobolds
  2 rats (D:1)
59 creatures vanquished.

Table legend:
 A = Non-vault XP
 B = Vault XP
 C = Vault XP percentage of total XP
 D = Non-vault monster count
 E = Vault monster count
 F = Vault count percentage of total count
                 A         B        C        D         E       F
            +---------+---------+-------+---------+---------+-------
      Total |     289 |       0 |   0.0 |      59 |       0 |   0.0
            +---------+---------+-------+---------+---------+-------
        D:1 |      19 |       0 |   0.0 |      14 |       0 |   0.0
        D:2 |      21 |       0 |   0.0 |      10 |       0 |   0.0
        D:3 |     249 |       0 |   0.0 |      35 |       0 |   0.0
            +---------+---------+-------+---------+---------+-------

Illustrated notes

Table legend:
 A = Kills in this place as a percentage of kills in entire the game.
 B = Kills by you in this place as a percentage of kills by you in the entire game.
 C = Kills by friends in this place as a percentage of kills by friends in the entire game.
 D = Other kills in this place as a percentage of other kills in the entire game.
 E = Experience gained in this place as a percentage of experience gained in the entire game.
 F = Experience gained in this place divided by the number of levels of this place that you have seen.
                   A       B       C       D       E      F
               +-------+-------+-------+-------+-------+----------------------
         Total | 100.0 | 100.0 |   N/A |   N/A | 100.0 |  96.3
       Dungeon | 100.0 | 100.0 |   N/A |   N/A | 100.0 |  96.3
               +-------+-------+-------+-------+-------+----------------------

Table legend: (Time is in decaauts)
 A = Elapsed time spent in this place.
 B = Non-inter-level travel time spent in this place.
 C = Inter-level travel time spent in this place.
 D = Time resting spent in this place.
 E = Time spent auto-exploring this place.
 F = Levels seen in this place.
 G = Mean time per level.
                   A        B        C        D        E       F      G
               +--------+--------+--------+--------+--------+-----+--------+
         Total |   2888 |   2839 |     49 |    536 |   1881 |   3 |  962.7 |
       Dungeon |   2888 |   2839 |     49 |    536 |   1881 |   3 |  962.7 |
               +--------+--------+--------+--------+--------+-----+--------+

Top non-repeatable levels by time:
     D:2: 1419 daAuts
     D:3: 980 daAuts
     D:1: 489 daAuts
